TOP OF THE 1ST |
---|
Reading Rainbows batting - Pitching for Intercourse Amish : RHP In-ho Om | Pitching: RHP In-ho Om | | Batting: LHB Júlio Lorenzo | 0-0: Called Strike 0-1: Foul Ball, location: 2F 0-2: Ball 1-2: Ball 2-2: Ball 3-2: Ground out 4-3 (Groundball, 4S) | Batting: RHB José Moreno | 0-0: Foul Ball, location: 2F 0-1: Ball 1-1: Foul Ball, location: 2F 1-2: Ball 2-2: Fly out, F7 (Flyball, 78M) | Batting: RHB Germán Romero | 0-0: Ball 1-0: Swinging Strike 1-1: Foul Ball, location: 2F 1-2: Ball 2-2: Ball 3-2: Fly out, F8 (Flyball, 8RM) | Top of the 1st over - 0 runs, 0 hits, 0 errors, 0 left on base; Reading 0 - Intercourse 0 | BOTTOM OF THE 1ST |
---|
Intercourse Amish batting - Pitching for Reading Rainbows : RHP Lane Lund | Pitching: RHP Lane Lund | | Batting: RHB Pablo Díaz | 0-0: Called Strike 0-1: Foul Ball, location: 2F 0-2: Ball 1-2: Strikes out looking | Batting: LHB Jesús Rojas | 0-0: Ball 1-0: DOUBLE (Line Drive, 78M) | Batting: SHB Ralph Robison | 0-0: Called Strike 0-1: Called Strike 0-2: SINGLE (Line Drive, 7S) Jesús Rojas to third Runner from 3rd tries for Home, SAFE, no throw | Batting: LHB Dave Reynolds | 0-0: Ball 1-0: Called Strike 1-1: Ball 2-1: Foul Ball, location: 2F 2-2: Strikes out looking | Batting: RHB Mitsuoki Taguchi | 0-0: Ground out 3-1 (Groundball, 34) | Bottom of the 1st over - 1 run, 2 hits, 0 errors, 1 left on base; Reading 0 - Intercourse 1 | TOP OF THE 2ND |
---|
Reading Rainbows batting - Pitching for Intercourse Amish : RHP In-ho Om | Batting: RHB Ethan Moore | 0-0: Ball 1-0: Ball 2-0: Ball 3-0: Called Strike 3-1: SINGLE (Line Drive, 56) | Batting: LHB Ryan Flynn | 0-0: Called Strike 0-1: Called Strike 0-2: Ball 1-2: Strikes out swinging | Batting: RHB Juan Magdayao | 0-0: Ball 1-0: Ball 2-0: Foul Ball, location: 2F 2-1: Fly out, F3 (Popup, 3SF) | Batting: RHB Richard Case | 0-0: Foul Ball, location: 2F 0-1: Foul Ball, location: 2F 0-2: Strikes out looking | Top of the 2nd over - 0 runs, 1 hit, 0 errors, 1 left on base; Reading 0 - Intercourse 1 | BOTTOM OF THE 2ND |
---|
Intercourse Amish batting - Pitching for Reading Rainbows : RHP Lane Lund | Batting: RHB Juan Estrada | 0-0: Ball 1-0: Ball 2-0: Ball 3-0: Called Strike 3-1: Base on Balls | Batting: LHB Bruce Foster | 0-0: Ball 1-0: Ball 2-0: Called Strike 2-1: Foul Ball, location: 2F 2-2: Fielders Choice at 2nd, 6-4 (Groundball, 6M) | Batting: LHB Tony O'Bryan | 0-0: Called Strike 0-1: Foul Ball, location: 2F 0-2: Ball 1-2: Ball 2-2: Foul Ball, location: 2F 2-2: 2-RUN HOME RUN (Flyball, 9LD), Distance : 350 ft | Batting: SHB Conan Hanson | 0-0: Ball 1-0: Foul Ball, location: 2F 1-1: Called Strike 1-2: Hit by Pitch | Batting: RHB Pablo Díaz | 0-0: SINGLE (Groundball, 6MD) Conan Hanson to second Runner from 2nd tries for 3rd, SAFE, no throw | Batting: LHB Jesús Rojas | 0-0: Ball 1-0: Swinging Strike 1-1: Ball 2-1: Swinging Strike 2-2: Strikes out looking | Batting: SHB Ralph Robison | 0-0: Ball 1-0: Ball 2-0: Foul Ball, location: 2F 2-1: Called Strike 2-2: Foul Ball, location: 2F 2-2: Fly out, F7 (Flyball, 78XD) | Bottom of the 2nd over - 2 runs, 2 hits, 0 errors, 2 left on base; Reading 0 - Intercourse 3 | TOP OF THE 3RD |
---|
Reading Rainbows batting - Pitching for Intercourse Amish : RHP In-ho Om | Batting: RHB Hubert Brown | 0-0: Swinging Strike 0-1: Foul Ball, location: 2F 0-2: Ground out 4-3 (Groundball, 4) | Batting: RHB Spike Kennedy | 0-0: Foul Ball, location: 2F 0-1: Swinging Strike 0-2: Ball 1-2: Ball 2-2: Ball 3-2: Foul Ball, location: 2F 3-2: Foul Ball, location: 2F 3-2: Strikes out swinging | Batting: LHB Júlio Lorenzo | 0-0: Called Strike 0-1: SINGLE (Line Drive, 9LS) | Batting: RHB José Moreno | 0-0: Called Strike 0-1: Called Strike 0-2: Ball 1-2: Foul Ball, location: 2F 1-2: Ball 2-2: Strikes out swinging | Top of the 3rd over - 0 runs, 1 hit, 0 errors, 1 left on base; Reading 0 - Intercourse 3 | BOTTOM OF THE 3RD |
---|
Intercourse Amish batting - Pitching for Reading Rainbows : RHP Lane Lund | Batting: LHB Dave Reynolds | 0-0: Called Strike 0-1: Ball 1-1: Ball 2-1: Fly out, F9 (Flyball, 9S) | Batting: RHB Mitsuoki Taguchi | 0-0: Called Strike 0-1: Ball 1-1: Fly out, F7 (Flyball, 7S) | Batting: RHB Juan Estrada | 0-0: Foul Ball, location: 2F 0-1: Ball 1-1: Swinging Strike 1-2: Foul Ball, location: 2F 1-2: Ball 2-2: Fly out, F7 (Flyball, 7S) | Bottom of the 3rd over - 0 runs, 0 hits, 0 errors, 0 left on base; Reading 0 - Intercourse 3 | TOP OF THE 4TH |
---|
Reading Rainbows batting - Pitching for Intercourse Amish : RHP In-ho Om | Batting: RHB Germán Romero | 0-0: Ball 1-0: Fly out, F9 (Flyball, 9D) | Batting: RHB Ethan Moore | 0-0: Ball 1-0: Fly out, F9 (Flyball, 9) | Batting: LHB Ryan Flynn | 0-0: DOUBLE (Flyball, 8RXD) | Batting: RHB Juan Magdayao | 0-0: Swinging Strike 0-1: Swinging Strike 0-2: Foul Ball, location: 2F 0-2: Ball 1-2: Strikes out swinging | Top of the 4th over - 0 runs, 1 hit, 0 errors, 1 left on base; Reading 0 - Intercourse 3 | BOTTOM OF THE 4TH |
---|
Intercourse Amish batting - Pitching for Reading Rainbows : RHP Lane Lund | Batting: LHB Bruce Foster | 0-0: Ground out 5-3 (Groundball, 56) | Batting: LHB Tony O'Bryan | 0-0: Ball 1-0: Swinging Strike 1-1: Foul Ball, location: 2F 1-2: Ball 2-2: Ball 3-2: Base on Balls | Batting: SHB Conan Hanson | 0-0: Called Strike 0-1: Called Strike 0-2: Ball 1-2: Fielders Choice at 2nd, 1-4 (Groundball, 15S) | Batting: RHB Pablo Díaz | 0-0: Called Strike 0-1: Ball 1-1: Ball 2-1: DOUBLE (Flyball, 78D) Conan Hanson to third Runner from 3rd tries for Home, SAFE, no throw | Batting: LHB Jesús Rojas | 0-0: Ball 1-0: Fly out, F5 (Popup, 56) | Bottom of the 4th over - 1 run, 1 hit, 0 errors, 1 left on base; Reading 0 - Intercourse 4 | TOP OF THE 5TH |
---|
Reading Rainbows batting - Pitching for Intercourse Amish : RHP In-ho Om | Batting: RHB Richard Case | 0-0: Fly out, F8 (Flyball, 8LD) | Batting: RHB Hubert Brown | 0-0: Fly out, F9 (Flyball, 9) | Batting: RHB Spike Kennedy | 0-0: Called Strike 0-1: Swinging Strike 0-2: Ball 1-2: Ball 2-2: Foul Ball, location: 2F 2-2: Strikes out swinging | Top of the 5th over - 0 runs, 0 hits, 0 errors, 0 left on base; Reading 0 - Intercourse 4 | BOTTOM OF THE 5TH |
---|
Intercourse Amish batting - Pitching for Reading Rainbows : RHP Lane Lund | Batting: SHB Ralph Robison | 0-0: Called Strike 0-1: Ball 1-1: SINGLE (Groundball, 34D) | Batting: LHB Dave Reynolds | 0-0: Called Strike 0-1: Ball 1-1: Foul Ball, location: 2F 1-2: Ball 2-2: Foul Ball, location: 2F 2-2: Ball 3-2: Base on Balls Ralph Robison to second | Pitching: RHP Coy Torres | | Batting: RHB Mitsuoki Taguchi | 0-0: Foul Ball, location: 2F 0-1: Swinging Strike 0-2: Ball 1-2: Fly out, F7 (Flyball, 7) Lined into DP, 7-4 (Flyball, 7) | Batting: RHB Juan Estrada | 0-0: Called Strike 0-1: Ball 1-1: Swinging Strike 1-2: Strikes out swinging | Bottom of the 5th over - 0 runs, 1 hit, 0 errors, 1 left on base; Reading 0 - Intercourse 4 | TOP OF THE 6TH |
---|
Reading Rainbows batting - Pitching for Intercourse Amish : RHP In-ho Om | Batting: LHB Júlio Lorenzo | 0-0: Called Strike 0-1: Called Strike 0-2: Strikes out swinging | Batting: RHB José Moreno | 0-0: Called Strike 0-1: Ball 1-1: Swinging Strike 1-2: Ball 2-2: Ground out U3 (Groundball, 34S) | Batting: RHB Germán Romero | 0-0: Ball 1-0: Foul Ball, location: 2F 1-1: Ball 2-1: Ball 3-1: Called Strike 3-2: SINGLE (Groundball, 6M) (infield hit) | Batting: RHB Ethan Moore | 0-0: Called Strike 0-1: Ball 1-1: Foul Ball, location: 2F 1-2: Fly out, F5 (Line Drive, 5L) | Top of the 6th over - 0 runs, 1 hit, 0 errors, 1 left on base; Reading 0 - Intercourse 4 | BOTTOM OF THE 6TH |
---|
Intercourse Amish batting - Pitching for Reading Rainbows : RHP Coy Torres | Batting: LHB Bruce Foster | 0-0: Ground out 4-3 (Groundball, 4) | Batting: LHB Tony O'Bryan | 0-0: Foul Ball, location: 2F 0-1: Ball 1-1: Ball 2-1: Called Strike 2-2: Fly out, F4 (Line Drive, 4) | Batting: SHB Conan Hanson | 0-0: Ball 1-0: Called Strike 1-1: Called Strike 1-2: Strikes out swinging | Bottom of the 6th over - 0 runs, 0 hits, 0 errors, 0 left on base; Reading 0 - Intercourse 4 | TOP OF THE 7TH |
---|
Reading Rainbows batting - Pitching for Intercourse Amish : RHP In-ho Om | Batting: LHB Ryan Flynn | 0-0: Ball 1-0: Foul Ball, location: 2F 1-1: Foul Ball, location: 2F 1-2: Strikes out looking | Batting: RHB Juan Magdayao | 0-0: Swinging Strike 0-1: Foul Ball, location: 2F 0-2: Ball 1-2: Ground out U3 (Groundball, 3) | Batting: RHB Richard Case | 0-0: Called Strike 0-1: Ground out 4-3 (Groundball, 34) | Top of the 7th over - 0 runs, 0 hits, 0 errors, 0 left on base; Reading 0 - Intercourse 4 | BOTTOM OF THE 7TH |
---|
Intercourse Amish batting - Pitching for Reading Rainbows : RHP Coy Torres | Batting: RHB Pablo Díaz | 0-0: Called Strike 0-1: Swinging Strike 0-2: Foul Ball, location: 2F 0-2: Strikes out swinging passed ball, reaches first! | Batting: LHB Jesús Rojas | 0-0: Called Strike 0-1: Ball 1-1: Ball 2-1: Foul Ball, location: 2F 2-2: Fly out, F9 (Flyball, 9S) | Batting: SHB Ralph Robison | 0-0: Called Strike 0-1: Ball 1-1: Ball 2-1: Ball 3-1: Base on Balls Pablo Díaz to second | Batting: LHB Dave Reynolds | 0-0: Foul Ball, location: 2F 0-1: Ball 1-1: Ball 2-1: Swinging Strike 2-2: Ball 3-2: Foul Ball, location: 2F 3-2: SINGLE (Flyball, 7LS) Pablo Díaz to third Ralph Robison to second Runner from 3rd tries for Home, SAFE, no throw | Batting: RHB Mitsuoki Taguchi | 0-0: Ball 1-0: Ball 2-0: Ball 3-0: Called Strike 3-1: Base on Balls Ralph Robison to third Dave Reynolds to second | Batting: RHB Juan Estrada | 0-0: Called Strike 0-1: Foul Ball, location: 2F 0-2: Ball 1-2: SINGLE (Groundball, 6D) Ralph Robison scores Dave Reynolds to third Mitsuoki Taguchi to second Runner from 3rd tries for Home, SAFE, no throw | Batting: LHB Bruce Foster | 0-0: Ball 1-0: SINGLE (Flyball, 89S) Mitsuoki Taguchi to third Juan Estrada to second | Batting: LHB Tony O'Bryan | 0-0: Called Strike 0-1: Foul Ball, location: 2F 0-2: Foul Ball, location: 2F 0-2: Ball 1-2: DOUBLE (Line Drive, 89D) Mitsuoki Taguchi scores Juan Estrada scores Bruce Foster to third Runner from 3rd tries for Home, SAFE, no throw | Batting: SHB Conan Hanson | 0-0: Called Strike 0-1: Ball 1-1: Ball 2-1: Ball 3-1: Swinging Strike 3-2: Foul Ball, location: 2F 3-2: SINGLE (Groundball, 4MD) Tony O'Bryan to third Runner from 3rd tries for Home, SAFE, no throw | Pitching: RHP Ron King | | Batting: RHB Pablo Díaz | 0-0: Ball 1-0: Foul Ball, location: 2F 1-1: Swinging Strike 1-2: Ball 2-2: Ball 3-2: Base on Balls Conan Hanson to second | Batting: LHB Jesús Rojas | 0-0: Ball 1-0: Called Strike 1-1: Foul Ball, location: 2F 1-2: Ball 2-2: Ball 3-2: Foul Ball, location: 2F 3-2: Foul Ball, location: 2F 3-2: Foul Ball, location: 2F 3-2: DOUBLE (Line Drive, 9LS) Conan Hanson scores Pablo Díaz to third | Batting: SHB Ralph Robison | 0-0: Called Strike 0-1: Ball Wild Pitch! Pablo Díaz scores Jesús Rojas to third 1-1: Ball 2-1: Swinging Strike 2-2: Foul Ball, location: 2F 2-2: Ball 3-2: SINGLE (Groundball, 56D) Jesús Rojas scores | Batting: LHB Dave Reynolds | 0-0: Called Strike 0-1: Foul Ball, location: 2F 0-2: Ball 1-2: Ball 2-2: Foul Ball, location: 2F 2-2: Ball 3-2: Base on Balls Ralph Robison to second | Batting: RHB Mitsuoki Taguchi | 0-0: Called Strike Balk! Ralph Robison to third Dave Reynolds to second 0-1: Called Strike 0-2: Strikes out looking | Batting: RHB Juan Estrada | 0-0: Ball 1-0: Ball 2-0: Called Strike 2-1: Foul Ball, location: 2F Balk! Ralph Robison scores Dave Reynolds to third 2-2: Hit by Pitch | Batting: LHB Bruce Foster | 0-0: Called Strike 0-1: Foul Ball, location: 2F 0-2: Fly out, F5 (Popup, 5L) | Bottom of the 7th over - 11 runs, 7 hits, 0 errors, 2 left on base; Reading 0 - Intercourse 15 | TOP OF THE 8TH |
---|
Reading Rainbows batting - Pitching for Intercourse Amish : RHP In-ho Om | Pitching: RHP Paul Clark | | Now at 2B: John Jones | | Now at 3B: Joe Zapata | | Batting: RHB Hubert Brown | 0-0: DOUBLE (Line Drive, 89D) | Batting: RHB Spike Kennedy | 0-0: Foul Ball, location: 2F 0-1: Called Strike 0-2: Ball 1-2: Strikes out swinging | Batting: LHB Júlio Lorenzo | 0-0: Ground out 5-3 (Groundball, 56) | Batting: RHB José Moreno | 0-0: Ball 1-0: Ball 2-0: Foul Ball, location: 2F 2-1: Foul Ball, location: 2F 2-2: Ball 3-2: Ground out 5-3 (Groundball, 5) | Top of the 8th over - 0 runs, 1 hit, 0 errors, 1 left on base; Reading 0 - Intercourse 15 | BOTTOM OF THE 8TH |
---|
Intercourse Amish batting - Pitching for Reading Rainbows : RHP Ron King | Batting: LHB Tony O'Bryan | 0-0: Ball 1-0: Ball 2-0: Foul Ball, location: 2F 2-1: Foul Ball, location: 2F 2-2: Foul Ball, location: 2F 2-2: Ball 3-2: Foul Ball, location: 2F 3-2: Base on Balls | Batting: SHB Conan Hanson | 0-0: Called Strike 0-1: Foul Ball, location: 2F 0-2: Ball 1-2: Ball 2-2: Ball 3-2: Strikes out looking | Batting: RHB Pablo Díaz | 0-0: Called Strike 0-1: Ball 1-1: Ball Tony O'Bryan steals 2nd base 2-1: SINGLE (Line Drive, 34) Tony O'Bryan to third | Pinch Hitting: RHB Frank Maxwell | 0-0: Ball 1-0: Called Strike 1-1: Called Strike 1-2: Grounds into double play, 3-6-3 (Groundball, 34) | Bottom of the 8th over - 0 runs, 1 hit, 0 errors, 1 left on base; Reading 0 - Intercourse 15 | TOP OF THE 9TH |
---|
Reading Rainbows batting - Pitching for Intercourse Amish : RHP Paul Clark | Now at C: Roberto Solís | | Now at 1B: Frank Maxwell | | Batting: RHB Germán Romero | 0-0: Called Strike 0-1: Called Strike 0-2: Foul Ball, location: 2F 0-2: Foul Ball, location: 2F 0-2: Strikes out looking | Pitching: RHP Benjamin Hutchison | | Batting: RHB Ethan Moore | 0-0: Called Strike 0-1: SINGLE (Line Drive, 89M) | Batting: LHB Ryan Flynn | 0-0: Swinging Strike 0-1: Ball 1-1: Grounds into double play, 4-6-3 (Groundball, 4M) | Top of the 9th over - 0 runs, 1 hit, 0 errors, 0 left on base; Reading 0 - Intercourse 15 | |